 Dungeon Crawl Stone Soup version 0.28.0-53-g5a82cb258f (webtiles) character file.

Game seed: 15738486236381425573

11036 DemonSlayer the Thaumaturge (level 11, 0/72 HPs)
             Began as a Demonspawn Fire Elementalist on Aug 4, 2022.
             Was a Priest of Cheibriados.
             Slain by a yak (12 damage)
             ... on level 1 of the Lair of Beasts.
             The game lasted 00:50:16 (17159 turns).

DemonSlayer the Thaumaturge (DsFE)                 Turns: 17159, Time: 00:50:17

Health: 0/72       AC:  4    Str: 16    XL:     11   Next: 44%
Magic:  22/25      EV: 14    Int: 41    God:    Cheibriados [***...]
Gold:   211        SH:  5    Dex: 22    Spells: 2/31 levels left

rFire   . . .      SeeInvis .   E - +1 short sword (spect)
rCold   . . .      Faith    .   d - +0 buckler
rNeg    . . .      Spirit   .   a - +1 robe
rPois   .          Reflect  .   (helmet restricted)
rElec   .          Harm     .   (no cloak)
rCorr   .          Rampage  .   (no gloves)
Will    .....                   x - +0 pair of boots
Stlth   +++.......              (no amulet)
HPRegen 0.22/turn               u - +6 ring of intelligence
MPRegen 0.19/turn               (no ring)

@: very slow
A: horns 2, powered by death 1, spiny 1, big brain 3
a: Renounce Religion, Bend Time, Temporal Distortion


You were on level 1 of the Lair of Beasts.
You worshipped Cheibriados.
Cheibriados was most pleased with you.
You visited 3 branches of the dungeon, and saw 13 of its levels.
You also visited: Sewer.

You collected 589 gold pieces.
You spent 378 gold pieces at shops.

Inventory:

Hand Weapons
 f - a +6 vorpal dagger
 E - a +1 spectral short sword (weapon)
Armour
 a - a +1 robe (worn)
 d - a +0 buckler (worn)
 x - a +0 pair of boots (worn)
 D - a +0 chain mail of fire resistance
Magical Staves
 F - a staff of fire
Jewellery
 u - a +6 ring of intelligence (left hand)
Wands
 c - a wand of mindburst (4)
 h - a wand of digging (11)
 k - a wand of iceblast (21)
 l - a wand of flame (15)
 s - a wand of charming (5)
Scrolls
 b - a scroll of amnesia
 t - a scroll of magic mapping {unknown}
 v - 2 scrolls of vulnerability
Potions
 e - a potion of flight
 g - 2 potions of magic
 i - 2 potions of curing
 n - 2 potions of brilliance
 r - a potion of mutation


   Skills:
 + Level 2.2 Fighting
 + Level 2.3 Short Blades
 + Level 1.6 Throwing
 + Level 3.6 Dodging
 + Level 4.1 Stealth
 + Level 0.6 Shields
 + Level 0.3 Unarmed Combat
 + Level 10.6 Spellcasting
 + Level 7.4 Conjurations
 + Level 0.1 Necromancy
 + Level 9.4 Fire Magic
 + Level 0.7 Air Magic
 + Level 1.9 Evocations


You had 2 spell levels left.
You knew the following spells:

 Your Spells              Type           Power      Damage    Failure   Level
a - Foxfire               Conj/Fire      100%       2x1d9     1%          1
b - Scorch                Fire           100%       2d10      1%          2
c - Conjure Flame         Conj/Fire      74%        6-21      1%          3
d - Flame Wave            Conj/Fire      74%        2d13      1%          4
e - Fireball              Conj/Fire      37%        3d15      1%          5
f - Airstrike             Air            13%        N/A       6%          4
g - Tukima's Dance        Hex            22%        N/A       2%          3
h - Anguish               Hex/Necr       11%        N/A       9%          4
i - Teleport Other        Tloc           21%        N/A       2%          3

Your spell library contained the following spells:

 Spells                   Type           Power      Damage    Failure   Level
 Animate Skeleton         Necr           46%        N/A       1%          1
 Freeze                   Ice            84%        1d10      1%          1
 Pain                     Necr           92%        1d8       1%          1
 Shock                    Conj/Air       100%       1d9       1%          1
 Passwall                 Tmut/Erth      17%        N/A       1%          2
 Inner Flame              Hex/Fire       57%        N/A       1%          3
 Swiftness                Air            27%        N/A       1%          3
 Iskenderun's Battlesphe  Conj           70%        2d12      1%          5
 Gell's Gravitas          Tloc           21%        N/A       2%          3
 Lesser Beckoning         Tloc           21%        N/A       2%          3
 Vampiric Draining        Necr           23%        2d7       2%          3
 Lee's Rapid Deconstruct  Erth           10%        3d9*      24%         5
 Summon Forest            Summ/Tloc      10%        N/A       24%         5
 Conjure Ball Lightning   Conj/Air       26%        3x3d7     24%         6
 Orb of Destruction       Conj           35%        9d10      32%         7
 Eringya's Noxious Bog    Tmut/Pois      10%        N/A       75%         6
 Enfeeble                 Hex            11%        N/A       99%         7
 Ozocubu's Refrigeration  Ice            10%        4d7       99%         7
 Summon Hydra             Summ           10%        N/A       99%         7


Dungeon Overview and Level Annotations

Branches:
Dungeon (11/15)            Temple (1/1) D:7            Lair (1/6) D:8
    Orc (0/2) D:9           Sewer (visited)

Altars:
Ashenzari
Cheibriados
Dithmenos
Elyvilon
Gozag
Kikubaaqudgha
Makhleb
Nemelex Xobeh
Okawaru
Qazlal
Ru
Trog
Wu Jian
Xom
Yredelemnul

Shops:
D:5 =   D:7 ([!![

Annotations:
D:10 1 runed translucent door, safid's ghost, journeyman HOFi
Lair:1 1 runed translucent door, Sin92's ghost, journeyman DsFi


Innate Abilities, Weirdness & Mutations

You have a pair of horns on your head.
You regenerate a little health from kills.
You are partially covered in sharp spines.
You have an absolutely massive brain. (Int +6, Wiz)


Message History

* * * LOW HITPOINT WARNING * * *
You are lethally poisoned!
The black mamba poisons you!
The black mamba is struck by your spines.
The black mamba bites you.
* * * LOW HITPOINT WARNING * * *
The yak is struck by your spines. The yak misses you.
You feel better. The black mamba misses you.
The black mamba is struck by your spines.
The black mamba misses you. The yak barely misses you.
You hit the black mamba.
The black mamba is severely wounded.
Your +1 spectral short sword misses the black mamba.
The black mamba misses you. The black mamba barely misses you.
The yak barely misses you.
Unknown command.
You closely miss the black mamba.
The black mamba is severely wounded.
Your +1 spectral short sword closely misses the black mamba.
You block the black mamba's attack.
Something gores your +1 spectral short sword but does no damage.
You block the yak's attack.
The black mamba is struck by your spines.
The black mamba closely misses you.
You miss the black mamba. You headbutt the black mamba.
The black mamba is almost dead.
Your +1 spectral short sword hits the black mamba.
You kill the black mamba!
Cheibriados thoroughly appreciates the change of pace.
The yak barely misses your +1 spectral short sword.
Something gores your +1 spectral short sword.
Your spectral weapon shares its damage with you!
* * * LOW HITPOINT WARNING * * *
The yak misses you.
A yak comes into view.
Unknown command.
The yak gores you but does no damage. The yak is struck by your spines.
The yak closely misses you. The yak is struck by your spines.
The yak gores you!
You die...

.######.# §§#..###......#
.#......# ###### #.##.P.#
.P÷.....# #.####.#
.....÷..# #.# #<#
.#.#.#..# #.# #.#
[.......# #.# #.#
........# ### ... #..#
........###.######§.....#
..........Y.§Y§Y@§......P
....Y..##..####YY§##.#..#
.>.......Y....§Y§§# ##.#
.....#........#§.§#
...Y.#P.......#...#
...F.P......$.#.Y.#
.##.....F.....#....
..#............Y.


You could see 4 yaks.

Vanquished Creatures
  A very ugly thing (D:9)
  5 ugly things (D:10)
  A deep elf pyromancer (D:9)
  2 black mambas (Lair:1)
  A cane toad (Lair:1)
  A shadow (D:9)
  A wraith (D:10)
  17 yaks
  A warg (D:9)
  An acid dragon (D:9)
  3 water moccasins
  An ice beast (D:7)
  3 orc warriors
  2 necrophages
  3 black bears
  An ogre (D:4)
  5 centaurs
  2 kobold brigands (D:7)
  5 bullfrogs
  8 wights
  6 killer bees (D:8)
  2 howler monkeys (D:9)
  A crimson imp (D:10)
  A centaur zombie (D:10)
  3 hounds
  A jelly (D:6)
  9 orc priests
  3 centaur skeletons
  6 orc wizards
  2 iguanas
  A killer bee zombie (D:5)
  A hound skeleton (D:4)
  A howler monkey zombie (D:9)
  12 adders
  2 howler monkey skeletons
  6 river rats
  2 shadow imps
  2 white imps (D:5)
  2 ufetubi
  2 worms
  9 dart slugs
  42 orcs
  11 ball pythons
  7 bats
  8 endoplasms
  4 giant cockroaches
  6 hobgoblins
  4 frilled lizards
  10 goblins
  31 kobolds
  27 rats
288 creatures vanquished.

Vanquished Creatures (others)
  645 foxfires
  3 fungi (Lair:1)
648 creatures vanquished.

Grand Total: 936 creatures vanquished

Notes
Turn   | Place    | Note
-------+----------+-------------------------------------------
     0 | D:1      | DemonSlayer the Demonspawn Fire Elementalist began the
                  | quest for the Orb.
     0 | D:1      | Reached XP level 1. HP: 13/13 MP: 3/3
   351 | D:1      | Gained mutation: You have an unusually large brain. (Int
                  | +2) [demonic ancestry]
   351 | D:1      | Reached XP level 2. HP: 16/19 MP: 0/5
   365 | D:1      | Learned a level 2 spell: Scorch
  1106 | D:1      | Reached XP level 3. HP: 24/24 MP: 1/6
  1518 | D:1      | Learned a level 3 spell: Conjure Flame
  2204 | D:2      | Gained mutation: You have an extremely huge brain. (Int +4)
                  | [demonic ancestry]
  2204 | D:2      | Reached XP level 4. HP: 30/30 MP: 5/7
  2600 | D:2      | Found a burning altar of Makhleb.
  2871 | D:3      | Found a faded altar of an unknown god.
  3372 | D:3      | Reached skill level 3 in Spellcasting
  3380 | D:3      | Gained mutation: You regenerate a little health from kills.
                  | [demonic ancestry]
  3380 | D:3      | Reached XP level 5. HP: 32/35 MP: 2/9
  3664 | D:3      | Found an ornate altar of the Wu Jian Council.
  4264 | D:3      | Learned a level 4 spell: Flame Wave
  4498 | D:4      | Noticed an ogre
  4502 | D:4      | Killed an ogre
  4503 | D:4      | Gained mutation: You have an absolutely massive brain. (Int
                  | +6, Wiz) [demonic ancestry]
  4503 | D:4      | Reached XP level 6. HP: 41/41 MP: 6/11
  4568 | D:4      | Reached skill level 1 in Short Blades
  4795 | D:4      | Reached skill level 4 in Spellcasting
  5057 | D:4      | Reached XP level 7. HP: 41/47 MP: 7/13
  5159 | D:4      | Found a shadowy altar of Dithmenos.
  5416 | D:5      | Entered Level 5 of the Dungeon
  5695 | D:5      | Found a glowing drain.
  5710 | D:5      | Reached skill level 5 in Fire Magic
  5925 | Sewer    | Entered a sewer
  6745 | Sewer    | Identified the +1 robe "Hero's Friend" {Rampage Will- Int+4
                  | Slay+3}
  7126 | Sewer    | Learned a level 5 spell: Fireball
  7227 | D:5      | Found Oseyngok's One-of-a-Kind Rings.
  7610 | D:5      | Reached skill level 5 in Spellcasting
  8100 | D:6      | Gained mutation: You are partially covered in sharp spines.
                  | [demonic ancestry]
  8100 | D:6      | Reached XP level 8. HP: 53/53 MP: 11/15
  8148 | D:6      | Reached skill level 1 in Fighting
  8845 | D:7      | Found Deodes's Antique Armour Emporium.
  9314 | D:7      | Found Buxuczat's Distillery.
  9406 | D:7      | Bought 2 potions of heal wounds for 140 gold pieces
  9406 | D:7      | Bought a potion of might for 56 gold pieces
  9406 | D:7      | Bought a potion of heal wounds for 70 gold pieces
  9478 | D:7      | Found a staircase to the Ecumenical Temple.
  9508 | Temple   | Entered the Ecumenical Temple
  9669 | Temple   | Became a worshipper of Cheibriados the Contemplative
  9903 | D:7      | Found Poyvam's Armour Shop.
  9911 | D:7      | Reached skill level 6 in Spellcasting
 10002 | D:7      | Got the Papyrus of Ashen Ice
 10121 | D:7      | Found Puisybb's Weapon Shoppe.
 10532 | D:7      | Gained mutation: You have a pair of small horns on your
                  | head. [demonic ancestry]
 10532 | D:7      | Reached XP level 9. HP: 50/59 MP: 11/18
 10573 | D:7      | Found Ipyix's Distillery.
 10582 | D:7      | Bought a potion of invisibility for 112 gold pieces
 10700 | D:7      | Found a bloodstained altar of Trog.
 10700 | D:7      | Found an iron altar of Okawaru.
 11159 | D:8      | Reached skill level 7 in Spellcasting
 11396 | D:8      | Reached * piety under Cheibriados
 11586 | D:8      | Reached skill level 5 in Conjurations
 12063 | D:8      | Found a broken altar of Ashenzari.
 12063 | D:8      | You fall into a shaft and drop 3 floors!
 12109 | D:11     | Noticed a boulder beetle
 12161 | D:10     | Entered Level 10 of the Dungeon
 12178 | D:10     | Reached skill level 8 in Spellcasting
 12326 | D:10     | Noticed a cyan ugly thing
 12327 | D:10     | Noticed a green ugly thing
 12327 | D:10     | Noticed a purple ugly thing
 12329 | D:10     | Noticed a purple ugly thing
 12349 | D:10     | Reached ** piety under Cheibriados
 12352 | D:10     | Noticed a gargoyle
 12991 | D:10     | Killed a cyan ugly thing
 13015 | D:10     | Gained mutation: You have a pair of horns on your head.
                  | [demonic ancestry]
 13015 | D:10     | Reached XP level 10. HP: 23/66 MP: 13/22
 13421 | D:10     | Found a runed translucent door.
 13427 | D:10     | Found a shimmering altar of Xom.
 13427 | D:10     | Noticed a +0 dire flail of chaos
 13427 | D:10     | Noticed safid's ghost (journeyman HOFi)
 13679 | D:9      | Noticed a deep elf pyromancer
 14325 | D:10     | Killed a green ugly thing
 14332 | D:10     | Killed a white ugly thing
 14332 | D:10     | Killed a green ugly thing
 14333 | D:10     | Reached skill level 9 in Spellcasting
 14437 | D:10     | Noticed a brown ugly thing
 14439 | D:10     | Noticed a purple ugly thing
 14444 | D:10     | Noticed a purple very ugly thing
 14470 | D:9      | Killed a red very ugly thing
 14685 | D:9      | Killed a deep elf pyromancer
 14686 | D:9      | Reached skill level 1 in Throwing
 14892 | D:9      | Reached skill level 1 in Evocations
 15007 | D:8      | Found a basalt altar of Yredelemnul.
 15009 | D:8      | Found an ancient bone altar of Kikubaaqudgha.
 15011 | D:8      | Found a stormy altar of Qazlal.
 15045 | D:8      | Found a staircase to the Lair.
 15509 | D:9      | Reached XP level 11. HP: 61/72 MP: 0/24
 15736 | D:9      | Reached *** piety under Cheibriados
 15737 | D:9      | Reached skill level 10 in Spellcasting
 15978 | D:9      | Found a staircase to the Orcish Mines.
 16411 | D:10     | Noticed a wizard
 16419 | D:10     | Killed a red ugly thing
 16724 | Lair:1   | Entered Level 1 of the Lair of Beasts
 16730 | Lair:1   | Learned a level 4 spell: Airstrike
 16734 | Lair:1   | Learned a level 3 spell: Tukima's Dance
 16739 | Lair:1   | Learned a level 4 spell: Anguish
 16743 | Lair:1   | Learned a level 3 spell: Teleport Other
 16749 | Lair:1   | Found a runed translucent door.
 16752 | Lair:1   | Noticed Sin92's ghost (journeyman DsFi)
 17153 | Lair:1   | HP: 2/72 [black mamba (4)]
 17159 | Lair:1   | Slain by a yak

Illustrated notes

Levels and vault maps discovered:
D:1:      kennysheep_arrival_forest, layout_basic
D:2:      layout_loops_ring, basic_altar, kennysheep_crisscross
D:3:      layout_loops_ring, nicolae_wu_jian_wuxing_cycle,
          nicolae_ecumenical_pavilion, hangedman_decor_clover_reticule,
          guppyfry_early_orc_mine
D:4:      layout_cave_pools, nicolae_dithmenos_through_a_glass_darkly
D:5:      layout_rooms, portal_sewer_entry_b, nicolae_shop_unique_rings,
          minmay_misc_feat_room
D:6:      layout_basic
D:7:      layout_layer_cave, grunt_temple_overflow_bloody_war,
          mainiacjoe_overflow_cross_hatched, minmay_temple_entry_junction_2,
          serial_shops, shop, nicolae_shop_bloodbath_and_beyond, shop,
          nicolae_shop_statue_plus, shop_fountains
D:8:      layout_basic, minitemple, lair_entry_dummy
D:9:      layout_roguey, erik_orc_4
D:10:     cheibrodos_breeding_chamber, layout_basic, serial_shops, shop,
          ebering_ghost_xom, minmay_nine_imps
D:11:     layout_basic
Temple:   nicolae_temple_figure_eight
Lair:1:   layout_chaotic_city, ebering_ghost_inner_flame

Skill      XL: |  1  2  3  4  5  6  7  8  9 10 11 |
---------------+----------------------------------+-----
Fire Magic     | 3 4 5 6 8 9 |  9.4
Stealth        | 2 3 4 |  4.1
Conjurations   | 2 4 5 6 7 |  7.4
Spellcasting   | 3 4 5 6 8 9 10 | 10.6
Dodging        | 2 3 |  3.6
Short Blades   | 1 2 |  2.3
Fighting       | 1 2 |  2.2
Throwing       | 1 |  1.6
Evocations     | 1 |  1.9
Shields        | |  0.6
Unarmed Combat | |  0.3
Necromancy     | |  0.1
Air Magic      | |  0.7

Action                   |  1- 3 |  4- 6 |  7- 9 | 10-12 || total
-------------------------+-------+-------+-------+-------++-------
Melee: Unarmed           |    16 |       |       |       ||    16
       Punch             |     1 |       |       |       ||     1
       Dagger            |     7 |    53 |    35 |       ||    95
       Short sword       |       |       |    10 |    63 ||    73
       Headbutt          |       |       |     6 |    12 ||    18
Throw: Dart              |       |       |     4 |     8 ||    12
       Boomerang         |       |       |       |     6 ||     6
 Cast: Foxfire           |    96 |    46 |   216 |    19 ||   377
       Scorch            |       |    51 |    96 |    32 ||   179
       Flame Wave        |       |       |     1 |     1 ||     2
       Conjure Flame     |       |       |     3 |     2 ||     5
       Fireball          |       |       |     1 |    24 ||    25
       Airstrike         |       |       |       |     4 ||     4
       Anguish           |       |       |       |     1 ||     1
Evoke: Wand              |       |       |       |    12 ||    12
  Use: Scroll            |       |     6 |    26 |     5 ||    37
       Potion            |       |     1 |     3 |    15 ||    19
 Stab: Sleeping          |     1 |     2 |     3 |     1 ||     7
Armor: Robe              |     2 |    11 |    18 |    14 ||    45
Dodge: Dodged            |    13 |    59 |    91 |    63 ||   226
Block: Buckler           |       |       |    11 |    21 ||    32
